 Dungeon Crawl Stone Soup version 0.26.0-10-g1f06aea511 (webtiles) character file.

Game seed: 13341839938510106032

162957 TrebMcFLY the Severer (level 18, 0/138 HPs)
             Began as a Formicid Fighter on Jan 16, 2021.
             Was the Champion of Makhleb.
             Killed from afar by an Ice Fiend (6 damage)
             ... with a bolt of cold
             ... in an ice cave.
             The game lasted 01:41:15 (32013 turns).

TrebMcFLY the Severer (Formicid Fighter)           Turns: 32013, Time: 01:41:16

Health: 0/138      AC: 23    Str: 34    XL:     18   Next: 45%
Magic:  26/26      EV: 12    Int:  9    God:    Makhleb [******]
Gold:   3089       SH: 21    Dex: 10    Spells: 17/17 levels left

rFire    + . .     SeeInvis +   j - +6 battleaxe (flame)
rCold    + + +     Faith    .   b - +0 tower shield
rNeg     . . .     Spirit   .   G - +4 plate armour {rC+}
rPois    .         Reflect  .   (helmet unavailable)
rElec    .         Harm     .   P - scarf {rC+ rF+}
rCorr    .         Rampage  .   w - +1 pair of gloves
Will     +....                  h - +0 pair of boots
Stlth    ..........             (no amulet)
HPRegen  0.33/turn              O - +6 ring of strength
MPRegen  0.20/turn              s - ring of protection from cold

@: no status effects
A: permanent stasis, dig shafts and tunnels, four strong arms, antennae 3
a: Dig, Renounce Religion, Minor Destruction, Lesser Servant of Makhleb, Major
Destruction, Greater Servant of Makhleb


You were in an ice cave.
You worshipped Makhleb.
Makhleb was exalted by your worship.
You visited 4 branches of the dungeon, and saw 25 of its levels.
You also visited: Bailey and Ice Cave.

You collected 3279 gold pieces.
You spent 190 gold pieces at shops.

Inventory:

Hand Weapons
 j - a +6 battleaxe of flaming (weapon)
Missiles
 o - 12 javelins
 p - 87 boomerangs (quivered)
 N - 5 curare-tipped darts
Armour
 b - a +0 tower shield (worn)
 f - a +2 cloak of cold resistance
 h - a +0 pair of boots (worn)
 w - a +1 pair of gloves (worn)
 D - the +6 plate armour "Duet" {*Corrode rPois SInv}
   (You took it off a gnoll on level 9 of the Dungeon)

   It protects you from poison.
   It lets you see invisible.
   It may corrode you when you take damage.
 E - the +0 hat of Blue Lucidity {*Slow Str+6 Stlth+, unknown}
   (You found it in an ice cave)

   It affects your strength (+6).
   It may slow you when you take damage.
   It makes you more stealthy.
 G - a +4 plate armour of cold resistance (worn)
 P - a scarf of resistance (worn)
Jewellery
 g - an uncursed ring of protection from fire
 s - a ring of protection from cold (right hand)
 t - an uncursed ring of resist corrosion
 B - a +4 ring of protection
 I - an uncursed ring of protection from fire
 M - an uncursed ring of flight
 O - a +6 ring of strength (left hand)
 R - an uncursed ring of ice
Wands
 d - a wand of flame (12)
 r - a wand of disintegration (7)
 A - a wand of iceblast (43)
 J - a wand of acid (7)
Scrolls
 l - 9 scrolls of remove curse
 n - 3 scrolls of fear
 u - 5 scrolls of fog
 v - 12 scrolls of identify
 x - 3 scrolls of enchant armour
 y - 6 scrolls of enchant weapon
 K - 7 scrolls of magic mapping
Potions
 a - a potion of cancellation
 e - 3 potions of attraction
 i - 3 potions of heal wounds
 k - 4 potions of mutation
 m - 15 potions of curing
 q - 5 potions of brilliance
 z - 2 potions of resistance
 C - 5 potions of lignification
 F - a potion of ambrosia
 H - 2 potions of flight
 L - 2 potions of might
 Q - a potion of invisibility
Miscellaneous
 c - a phantom mirror


   Skills:
 + Level 11.5 Fighting
 * Level 16.4 Axes
 - Level 8.0 Throwing
 + Level 11.6 Armour
 + Level 10.5 Dodging
 + Level 12.5 Shields
 - Level 7.3 Necromancy
 + Level 11.6 Invocations
 - Level 2.6 Evocations


You had 17 spell levels left.
You didn't know any spells.
Your spell library contained the following spells:

 Spells                   Type           Power        Failure   Level
 Beastly Appendage        Tmut           0%           98%         1
 Magic Dart               Conj           0%           98%         1
 Summon Small Mammal      Summ           0%           98%         1
 Call Imp                 Summ           0%           99%         2
 Ensorcelled Hibernation  Hex/Ice        0%           99%         2
 Searing Ray              Conj           0%           99%         2
 Wereblood                Tmut           0%           99%         2
 Call Canine Familiar     Summ           0%           100%        3
 Dazzling Flash           Conj/Hex       0%           100%        3
 Spider Form              Tmut/Pois      0%           100%        3
 Summon Guardian Golem    Hex/Summ       0%           100%        3
 Fulminant Prism          Conj/Hex       0%           100%        4
 Ice Form                 Ice/Tmut       0%           100%        4
 Iskenderun's Mystic Bla  Conj/Tloc      0%           100%        4
 Summon Ice Beast         Ice/Summ       0%           100%        4
 Summon Lightning Spire   Summ/Air       0%           100%        4
 Blade Hands              Tmut           0%           100%        5
 Borgnjor's Vile Clutch   Necr/Erth      3%           100%        5
 Silence                  Hex/Air        0%           100%        5
 Shadow Creatures         Summ           N/A          100%        6


Dungeon Overview and Level Annotations

Branches:
Dungeon (15/15)            Temple (0/1) D:5            Lair (6/6) D:10
 Shoals (0/4) Lair:2        Snake (2/4) Lair:2        Slime (0/5) Lair:5
    Orc (2/2) D:9             Elf (0/3) Orc:2        Vaults (0/5) D:13
 Depths (0/5) D:15         Bailey (visited)           IceCv (1/1)

Altars:
Kikubaaqudgha
Makhleb
Jiyva

Shops:
D:4 *   D:6 =}   D:9 [   Orc:2 *:!:*   Snake:2 ?

Annotations:
D:5 3 runed translucent doors, lagdotcom's ghost, amateur GrFi
D:6 1 runed translucent door, Crazy Yiuf
D:14 1 exclusion
Lair:1 2 transporters, Tungsten's ghost, novice DEVM
Orc:1 2 transporters, p0werm0de's ghost, journeyman MiFi


Innate Abilities, Weirdness & Mutations

You cannot be hasted, slowed, berserked, paralysed or teleported.
You can dig through walls and to a lower floor.
Your four strong arms can wield two-handed weapons with a shield.
You have a pair of large antennae on your head. (SInv)


Message History

Your hellwing barely misses the Ice Fiend.
The Ice Fiend calls on the powers of darkness!
Your body is wracked with pain!
* * * LOW HITPOINT WARNING * * *
The Ice Fiend claws your hellwing but does no damage.
The Ice Fiend claws your hellwing! The Ice Fiend freezes your hellwing!!
Your hellwing hits the Ice Fiend but does no damage.
Your hellwing hits the Ice Fiend.
You feel much better. The Ice Fiend gestures at you.
The bolt of cold hits the Ice Fiend.
The Ice Fiend completely resists.
The bolt of cold hits you! You resist.
* * * LOW HITPOINT WARNING * * *
The Ice Fiend claws your hellwing. The Ice Fiend freezes your hellwing!!
Your hellwing dies!
A demon appears!
The Ice Fiend gestures at you.
The bolt of cold hits the Ice Fiend.
The Ice Fiend completely resists.
The bolt of cold hits you. You resist.
You die...

§§§§## §§.1§○###
#§○§§°#### #####
○#§§§§.#..###
##...###§§#§.###.....##
#.....§§§§#.☼..1......##
......##.○§°§§##1......#
....###§§§§§☼##.......##
....#.○§§§§☼§#..@....##
#.....##.§####.2....##
###....##..§......###
###....§§.....### #
####.§.§...## ###
######...### ..####
###...##
.....###########...##
#.......☼.##☼≈.##...##


You could see 2 Ice Fiends and a friendly blizzard demon (summoned).

Vanquished Creatures
  Agnes (D:14)
  An orc warlord (Bailey)
  A frost giant (D:15)
  An entropy weaver (Lair:4)
  3 naga warriors (Snake:1)
  8 vault guards
  3 anacondas (Snake:1)
  An alligator (Snake:1)
  2 death knights (D:14)
  4 centaur warriors
  3 catoblepae
  3 two-headed ogres
  5 death yaks (Lair:6)
  A deep troll shaman (Lair:6)
  4 orc high priests (Orc:2)
  4 naga sharpshooters (Snake:1)
  Sonja (Lair:5)
  An unseen horror (D:15)
  A goliath frog (Snake:1)
  3 skeletal warriors (D:14)
  3 naga ritualists (Snake:1)
  A lindwurm (Lair:6)
  3 swamp dragons (Snake:1)
  3 ugly things
  An orc knight (Orc:1)
  2 cyclopes
  A mana viper (Snake:1)
  2 orc sorcerers
  2 deep elf magi (D:12)
  9 black mambas
  4 manticores
  5 centaur zombies
  7 elephants (Lair:6)
  2 ice statues (IceCv)
  Maurice (D:11)
  4 naga magi (Snake:1)
  3 gargoyles
  Maggie (D:6)
  A kobold demonologist (D:12)
  19 cane toads
  9 komodo dragons
  A redback zombie (D:15)
  A rime drake (shapeshifter) (D:15)
  A yaktaur (D:15)
  14 ice devils (IceCv)
  4 meliai (D:13)
  2 polar bears
  6 trolls
  A hornet (D:14)
  A tyrant leech (Snake:1)
  Prince Ribbit (Lair:3)
  10 slime creatures
  9 blink frogs
  3 water elementals
  2 shadows
  A vampire (D:15)
  7 wraiths
  Eustachio (D:6)
  A yak (shapeshifter) (D:13)
  2 wyverns (Lair:4)
  A basilisk (Lair:3)
  56 yaks
  A steam dragon (D:9)
  8 vampire mosquitoes
  4 swamp worms (Snake:1)
  2 wargs (Orc:1)
  11 nagas
  A soldier ant (shapeshifter) (D:15)
  18 water moccasins
  14 soldier ants
  21 orc warriors
  2 phantoms (D:13)
  8 ice beasts
  5 sky beasts
  A swamp drake (Snake:1)
  3 black bears
  An eye of draining (D:13)
  A hornet zombie (D:12)
  3 necrophages
  13 centaurs
  12 wolves
  A boggart (D:15)
  8 ogres
  4 big kobolds
  A gnoll sergeant (D:8)
  17 bullfrogs
  2 wyvern skeletons
  4 scorpions
  7 killer bees
  32 wights
  3 howler monkeys
  4 bullfrog skeletons
  26 orc priests
  7 centaur skeletons
  6 jellies
  12 hounds
  32 orc wizards
  7 iguanas
  3 gnoll shamans
  13 worker ants
  A centaur simulacrum (D:10)
  A hound zombie (D:7)
  2 hound skeletons
  A killer bee simulacrum (D:10)
  A worker ant zombie (D:6)
  15 gnolls
  8 adders
  A hound simulacrum (D:10)
  2 shadow imps
  15 white imps
  9 ufetubi
  An ooze (D:4)
  An adder zombie (D:7)
  A dart slug (D:2)
  14 leopard geckos
  88 orcs
  2 ball pythons (D:5)
  5 giant cockroaches
  15 goblins
  15 hobgoblins
  26 jackals
  38 kobolds
  7 quokkas
  6 bats
  6 frilled lizards
  A jackal skeleton (D:6)
  2 quokka zombies
  9 rats
870 creatures vanquished.

Vanquished Creatures (collateral kills)
  Gastronok (Lair:1)
  Nessos (Lair:4)
  An entropy weaver (Lair:4)
  4 hydras
  An elephant (Lair:6)
  A cane toad (Lair:4)
  A wyvern (Lair:5)
  A bullfrog (Lair:4)
  A jelly (D:15)
  A butterfly (Lair:6)
13 creatures vanquished.

Vanquished Creatures (others)
  A human (D:2)
  An orc wizard (Orc:2)
  3 white imps (IceCv)
  3 ufetubi (IceCv)
  32 fungi
  68 plants
108 creatures vanquished.

Grand Total: 991 creatures vanquished

Notes
Turn   | Place    | Note
-------+----------+-------------------------------------------
     0 | D:1      | TrebMcFLY the Formicid Fighter began the quest for the Orb.
     0 | D:1      | Reached XP level 1. HP: 18/18 MP: 1/1
    20 | D:1      | Reached XP level 2. HP: 12/24 MP: 2/2
   286 | D:1      | Reached skill level 3 in Axes
   661 | D:1      | Reached XP level 3. HP: 23/29 MP: 3/3
  1144 | D:1      | Reached skill level 4 in Axes
  1144 | D:1      | Reached XP level 4. HP: 33/35 MP: 4/4
  2258 | D:2      | Found an ancient bone altar of Kikubaaqudgha.
  2261 | D:2      | Noticed a human
  2271 | D:2      | Killed a human
  2421 | D:3      | Found a burning altar of Makhleb.
  2425 | D:3      | Became a worshipper of Makhleb the Destroyer
  2572 | D:3      | Found a faded altar of an unknown god.
  2986 | D:3      | Reached skill level 5 in Axes
  2986 | D:3      | Reached XP level 5. HP: 35/41 MP: 5/5
  3209 | D:4      | Noticed an ice beast
  3599 | D:4      | Reached XP level 6. HP: 47/47 MP: 6/6
  3625 | D:4      | Reached skill level 6 in Axes
  3821 | D:4      | Found Hofezer's General Store.
  3831 | D:4      | Bought a potion of lignification for 33 gold pieces
  4130 | D:5      | Entered Level 5 of the Dungeon
  4166 | D:5      | Found a staircase to the Ecumenical Temple.
  4166 | D:5      | Noticed a necrophage
  4247 | D:5      | Killed a necrophage
  4248 | D:5      | Reached XP level 7. HP: 52/52 MP: 7/7
  4271 | D:4      | Reached * piety under Makhleb
  4350 | D:5      | Reached skill level 1 in Dodging
  4409 | D:5      | Reached skill level 1 in Invocations
  4568 | D:5      | Reached skill level 7 in Axes
  4655 | D:5      | Found a runed translucent gate.
  4655 | D:5      | Found a runed translucent gate.
  4655 | D:5      | Found a runed translucent gate.
  4657 | D:5      | Noticed lagdotcom's ghost (amateur GrFi)
  5082 | D:6      | Reached XP level 8. HP: 53/60 MP: 7/9
  5134 | D:6      | Found Egak's Jewellery Boutique.
  5486 | D:6      | Found Hycwuch's Gadget Shop.
  5503 | D:6      | Reached skill level 1 in Throwing
  5890 | D:6      | Reached skill level 5 in Shields
  5929 | D:6      | Reached ** piety under Makhleb
  6004 | D:6      | Noticed Eustachio
  6126 | D:6      | Killed Eustachio
  6127 | D:6      | Reached XP level 9. HP: 66/66 MP: 11/11
  6409 | D:6      | Noticed Maggie
  6425 | D:6      | Killed Maggie
  6426 | D:6      | Reached skill level 8 in Axes
  6426 | D:6      | Reached skill level 5 in Armour
  6520 | D:6      | Found a runed translucent door.
  6521 | D:6      | Noticed Crazy Yiuf
  6610 | D:7      | Reached skill level 5 in Fighting
  7129 | D:7      | Got a warped ring mail
  7469 | D:7      | Reached XP level 10. HP: 56/74 MP: 13/13
  7481 | D:7      | Reached *** piety under Makhleb
  7844 | D:8      | Reached skill level 9 in Axes
  8119 | D:8      | Noticed a komodo dragon
  8605 | D:9      | Found Roej's Antique Armour Emporium.
  8787 | D:9      | Reached **** piety under Makhleb
  8788 | D:9      | Found a staircase to the Orcish Mines.
  9319 | D:9      | Identified the +6 plate armour "Duet" {*Corrode rPois SInv}
  9393 | D:9      | Reached skill level 5 in Invocations
  9654 | D:9      | Identified the +4 long sword of the Thieving Priest
                  | {antimagic, rF- rN+ Will+}
  9733 | D:9      | Reached ***** piety under Makhleb
 10293 | D:10     | Entered Level 10 of the Dungeon
 10336 | D:10     | Noticed a red ugly thing
 10426 | D:10     | Reached XP level 11. HP: 83/83 MP: 15/15
 10681 | D:10     | Reached skill level 10 in Axes
 11047 | D:10     | Killed a red ugly thing
 11048 | D:10     | Reached skill level 5 in Throwing
 11220 | D:10     | Found a staircase to the Lair.
 11297 | D:10     | Reached skill level 5 in Dodging
 11303 | D:10     | Reached skill level 1 in Necromancy
 11986 | Lair:1   | Entered Level 1 of the Lair of Beasts
 12304 | Lair:1   | Noticed Tungsten's ghost (novice DEVM)
 12398 | Lair:1   | Found a transporter.
 12402 | Lair:1   | Found a transporter.
 12431 | Lair:1   | Reached XP level 12. HP: 73/91 MP: 17/17
 12633 | Lair:1   | Noticed Gastronok
 12651 | Lair:1   | Reached skill level 11 in Axes
 12769 | Lair:2   | Found a staircase to the Snake Pit.
 12845 | Lair:2   | Found a staircase to the Shoals.
 14166 | Lair:3   | Noticed Prince Ribbit
 14181 | Lair:3   | Killed Prince Ribbit
 14793 | Lair:3   | Reached skill level 5 in Necromancy
 15331 | Lair:4   | Noticed Nessos
 15491 | Lair:4   | Noticed a seven-headed hydra
 15502 | Lair:3   | Killed a seven-headed hydra
 16165 | Lair:4   | Reached ****** piety under Makhleb
 16856 | Lair:5   | Noticed a catoblepas
 16882 | Lair:5   | Killed a catoblepas
 16883 | Lair:5   | Reached XP level 13. HP: 91/99 MP: 17/19
 17351 | Lair:5   | Reached skill level 12 in Axes
 17833 | Lair:5   | Found a staircase to the Slime Pits.
 17835 | Lair:5   | Found a viscous altar of Jiyva.
 17990 | Lair:5   | Noticed Sonja
 18002 | Lair:5   | Killed Sonja
 18598 | Lair:6   | Entered Level 6 of the Lair of Beasts
 19070 | Lair:6   | Reached skill level 10 in Shields
 19082 | Lair:6   | Noticed an eight-headed hydra
 19089 | Lair:6   | Killed a seven-headed hydra
 19324 | Lair:6   | Reached XP level 14. HP: 73/108 MP: 20/20
 19845 | Lair:6   | Reached skill level 13 in Axes
 20563 | Lair:4   | Noticed an entropy weaver
 20595 | Lair:4   | Killed an entropy weaver
 20779 | Lair:4   | Killed Nessos
 21113 | Lair:4   | Noticed an entropy weaver
 21126 | Lair:4   | Killed an entropy weaver
 21866 | D:11     | Noticed Maurice
 21876 | D:11     | Killed Maurice
 22411 | D:12     | Reached skill level 10 in Armour
 22439 | D:12     | Found a flagged portal.
 22466 | D:12     | Reached skill level 10 in Fighting
 22497 | Bailey   | Entered a bailey
 22504 | Bailey   | Noticed an orc warlord
 22620 | Bailey   | Found a runed translucent gate.
 22620 | Bailey   | Found a runed translucent gate.
 22638 | Bailey   | Found a runed translucent gate.
 22871 | Bailey   | Killed an orc warlord
 22911 | Bailey   | Got fine fire dragon scales
 22990 | Bailey   | Identified the cursed +0 fire dragon scales "Xahof" {rElec
                  | rPois rF++ rC- Dex-3 Stlth-} (You found it in a bailey)
 23128 | D:11     | Reached skill level 14 in Axes
 23128 | D:11     | Reached XP level 15. HP: 115/115 MP: 22/22
 23132 | D:11     | Reached XP level 16. HP: 122/122 MP: 23/23
 23470 | D:12     | Reached skill level 15 in Axes
 23637 | D:13     | Reached skill level 10 in Invocations
 23774 | D:13     | Found a gate to the Vaults.
 23931 | D:13     | Reached XP level 17. HP: 116/128 MP: 24/24
 25655 | D:14     | Identified the +11 great sword of the Thieving Scavenger
                  | {vorpal, Stlth+}
 26044 | D:14     | Noticed Agnes
 26057 | D:14     | Killed Agnes
 26547 | D:15     | Entered Level 15 of the Dungeon
 27248 | D:15     | Reached skill level 10 in Dodging
 27593 | D:15     | Found a staircase to the Depths.
 28199 | Orc:1    | Entered Level 1 of the Orcish Mines
 28200 | Orc:1    | Found a transporter.
 28212 | Orc:1    | Noticed p0werm0de's ghost (journeyman MiFi)
 28493 | Orc:1    | Found a transporter.
 28697 | Orc:2    | Entered Level 2 of the Orcish Mines
 28853 | Orc:2    | Found a staircase to the Elven Halls.
 29111 | Orc:2    | Reached skill level 16 in Axes
 29113 | Orc:2    | Found Viugobe's Assorted Antiques.
 29121 | Orc:2    | Bought a scroll labelled DALYST BYIWK for 20 gold pieces
 29185 | Orc:2    | Found Miebb's Book Shop.
 29193 | Orc:2    | Found Umiopso's Distillery.
 29194 | Orc:2    | Found Qyjeecw's General Store.
 29235 | Orc:2    | Found Qaric's Book Boutique.
 29240 | Orc:2    | Bought a potion of mutation for 88 gold pieces
 29242 | Orc:2    | Bought a scroll of fear for 49 gold pieces
 29637 | Lair:1   | Killed Gastronok
 30062 | Snake:1  | Entered Level 1 of the Snake Pit
 30070 | Snake:1  | Reached XP level 18. HP: 137/138 MP: 26/26
 31699 | Snake:2  | Found a frozen archway.
 31700 | Snake:2  | Found Juomuacw's Magic Scroll Emporium.
 31725 | IceCv    | Entered an ice cave
 31877 | IceCv    | Got a spiked hat
 31987 | IceCv    | Noticed an Ice Fiend
 31993 | IceCv    | Noticed an Ice Fiend
 32011 | IceCv    | HP: 5/138 [??? (3)]
 32013 | IceCv    | Killed from afar by an Ice Fiend

Illustrated notes

Levels and vault maps discovered:
D:1:      minmay_arrival_shoal_huts, layout_basic,
          chequers_serial_rivers_micro_c
D:2:      layout_rooms, tgw_kikubaaqudgha
D:3:      layout_loops_ring, lemuel_crystal_altar,
          chequers_ecumenical_altar_island
D:4:      cheibrodos_barr_body, layout_basic, serial_shops,
          nicolae_shop_waterfront
D:5:      layout_cave_pools, minmay_temple_entry_slanted,
          gammafunk_ghost_necromancy, minmay_manual_mares
D:6:      minmay_flawed_box, layout_loops_cross, serial_shops, shop,
          minmay_shop_enchanted_jewellery, uniq_crazy_yiuf_cottage,
          uniq_eustachio, uniq_maggie
D:7:      layout_basic
D:8:      layout_gridville, minmay_misc_feat_chi, minmay_strange_pillars,
          minmay_lizard_king
D:9:      kennysheep_housing_project, layout_basic, hiddenorc2_lemuel,
          serial_shops, nicolae_shop_window_shopping
D:10:     layout_roguey, dpeg_oklobed_lair, serial_ice, serial_ice_a,
          serial_ice_k, serial_ice_n, serial_ice_d, serial_ice_o, serial_ice_b,
          serial_ice_g
D:11:     layout_rooms, uniq_maurice
D:12:     layout_roguey, enter_bailey_5
D:13:     minmay_polygon_palace, layout_loops_ring, erik_vaults_2, fountainhead
D:14:     cheibrodos_tormentor_scu, layout_loops_cross,
          chequers_serial_rivers_micro_c, uniq_agnes
D:15:     grunt_enter_depths_snipers, layout_basic, hangedman_decor_points,
          ebering_dispersal_statue_hall, st_stairs_5
Lair:1:   layout_loops_ring, gammafunk_ghost_arena, uniq_gastronok
Lair:2:   layout_chaotic_city, shoals_dummy_entry, guppyfry_snake_entry_garden,
          lemuel_fruit_tree, serial_bayou_shore_b
Lair:3:   layout_roguey, beast_lair_carwin_1, uniq_prince_ribbit2
Lair:4:   layout_roguey, zaba_antful_of_joy, grunt_megastairs_4, uniq_nessos
Lair:5:   layout_hall_layers, slime_altar_1, uniq_sonja
Lair:6:   grunt_lair_end_beastmaster, layout_long_grid, lemuel_fruit_fields,
          grunt_megastairs_2, lemuel_fruit_fields
Snake:1:  onia_ninara_swampy_vault, layout_concentric_octagons, st_stairs_12
Snake:2:  layout_layer_cave, portal_ice_cave_entry_pillars_2, serial_shops,
          nicolae_shop_stone, uniq_aizul
Orc:1:    layout_caves, gammafunk_ghost_stat_death
Orc:2:    st_orc_mages, layout_diamond_mine, serial_shops, shop
IceCv:    ice_cave_small_demon

Skill      XL: |  1  2  3  4  5  6  7  8  9 10 11 12 13 14 15 16 17 18 |
---------------+-------------------------------------------------------+-----
Axes           | 3 4 5 6 7 8 9 10 11 12 14 15 16 | 16.4
Shields        | 4 5 6 7 8 9 10 11 12 | 12.5
Dodging        | 1 2 3 4 5 6 7 8 9 10 | 10.5
Invocations    | 1 2 4 5 6 8 9 10 11 | 11.6
Armour         | 4 5 6 7 8 9 10 11 | 11.6
Fighting       | 4 5 6 7 8 9 10 11 | 11.5
Throwing       | 1 3 4 5 6 7 8 |  8.0
Necromancy     | 3 5 6 7 |  7.3
Evocations     | 2 |  2.6

Action                   |  1- 3 |  4- 6 |  7- 9 | 10-12 | 13-15 | 16-18 || total
-------------------------+-------+-------+-------+-------+-------+-------++-------
Melee: War axe           |    23 |       |   350 |   960 |   113 |       ||  1446
       Dagger            |    68 |   172 |    30 |       |       |       ||   270
       Battleaxe         |       |       |       |    75 |   494 |   942 ||  1511
       Glaive            |       |       |       |       |     3 |     7 ||    10
Throw: Javelin           |       |     2 |    18 |    24 |       |       ||    44
       Dart              |       |       |       |    36 |    54 |       ||    90
       Boomerang         |       |       |       |       |    45 |    36 ||    81
Invok: Lesser Servant of |       |       |       |     2 |     6 |     6 ||    14
       Greater Servant o |       |       |       |       |       |     1 ||     1
 Abil: Dig               |       |       |     3 |       |     1 |     3 ||     7
       Evoke Flight      |       |       |       |       |     2 |       ||     2
Evoke: Wand              |       |       |       |       |     4 |       ||     4
  Use: Scroll            |     3 |     5 |     7 |     9 |     6 |     4 ||    34
       Potion            |       |       |     2 |       |     3 |     3 ||     8
 Stab: Distracted        |       |       |     1 |       |     1 |     2 ||     4
Armor: Scale mail        |    42 |    68 |   199 |    48 |       |       ||   357
       Plate armour      |       |       |       |   404 |   281 |   280 ||   965
       Chain mail        |       |       |       |    10 |       |       ||    10
Dodge: Dodged            |    27 |    48 |   173 |   299 |   190 |   198 ||   935
Block: Kite shield       |    63 |    99 |   237 |   564 |   354 |   161 ||  1478
       Tower shield      |       |       |       |       |       |   581 ||   581
